cohdb
Replays
Latest Replays
All Replays
Popular Replays
Top Player Replays
Match Explorer
How It Works
Community
CoH3 Stats
Reddit
Sign in to upload your games and track your stats! →
Sign in with Steam
Match 42797348
Unlisted
Match 42797348
Overview
Messages
Build Orders
End
Construct Weapon Support Center
Selects Airborne Battlegroup
Sniper
Engineer Squad
Construct Barracks
Selects Pathfinders
Grenade Package
M1 Mortar Team
.30 cal Machine Gun
Construct Medical Station
Air Support Center
Selects Recon Loiter
Selects Paratrooper Squad Paradrop
Mortar Pit
Improved M9 Bazooka Rockets
Grasshopper Recon Run
Paratrooper Squad Paradrop
P-47 Strafing Run
Paratrooper Squad Paradrop
Construct Tank Depot
Grasshopper Recon Run
P-47 Strafing Run
Engineer Squad
M18 Hellcat Tank Destroyer
P-47 Dive Bomb
Grasshopper Recon Run
P-47 Dive Bomb
M4(105) Sherman Bulldozer
Double Sortie
Grasshopper Recon Run
.30 cal Machine Gun
M18 Hellcat Tank Destroyer
Grasshopper Recon Run
P-47 Dive Bomb
Engineer Squad
Selects Paradrop Reinforcements
Selects Carpet Bombing Run
dog
Amish
ItsBrettos
vonAJ
Erwin Rommel
Hokan
Indiana Jones and robert e . Lee
HaytamK
0
0
Comments
sign in to comment!
No comments posted yet!